 Dungeon Crawl Stone Soup version 0.23.2-40-g277498a (webtiles) character file.

Game seed: 8319832570689457054

552516 Arex the Hoplite (level 25, -11/201 HPs)
             Began as a Demonspawn Abyssal Knight on Oct 9, 2019.
             Was the Champion of Lugonu.
             Killed from afar by an orb of fire (30 damage)
             ... with a bolt of fire
             ... on level 1 of the Realm of Zot on Oct 13, 2019.
             The game lasted 04:11:53 (103689 turns).

Arex the Hoplite (Demonspawn Abyssal Knight)      Turns: 103689, Time: 04:11:54

Health: -11/201    AC: 35    Str: 30    XL:     25   Next: 9%
Magic:  0/32       EV: 14    Int: 16    God:    Lugonu [******]
Gold:   1488       SH: 30    Dex: 12    Spells: 24/24 levels left

rFire    + . .     SeeInvis .     - Unarmed
rCold    + + +     Gourm    .   Y - +3 large shield
rNeg     + . .     Faith    .   Q - +8 plate armour "Udetz" {rPois MR++ Dex+4}
rPois    +         Spirit   +   h - +0 helmet of Sivoagg {+Inv rC+ rN+ Stlth+}
rElec    +         Reflect  .   R - scarf {rC+ rF+}
rCorr    .         Harm     .   (gloves unavailable)
MR       +++..                  e - +2 pair of boots
Stlth    +.........             S - amulet of Yrhotirch {Spirit rElec rF- Str+9 Dex-4}
HPRegen  0.43/turn              g - +5 ring of slaying
MPRegen  0.23/turn              A - ring of protection from fire

@: slowed, studying Evocations, very slow
A: claws 3, talons 1, slimy green scales 3, cold resistance 1, foul stench 2,
nightstalker 3, shaggy fur 1, weak 1, rot immunity, freezing cloud immunity
}: 3/15 runes: decaying, silver, gossamer
a: Depart the Abyss, Bend Space, Banish, Corrupt, Enter the Abyss, Brand Weapon
With Distortion, Renounce Religion, Evoke Invisibility


You were on level 1 of the Realm of Zot.
You worshipped Lugonu.
Lugonu was exalted by your worship.
You were not hungry.

You visited 9 branches of the dungeon, and saw 45 of its levels.
You visited the Abyss 2 times.
You visited 1 bazaar.
You also visited: Trove, Sewer, Ossuary, Gauntlet and Ice Cave.

You collected 6286 gold pieces.
You spent 4798 gold pieces at shops.

Inventory:

Armour
 e - a +2 pair of boots (worn)
 h - the +0 helmet of Sivoagg (worn) {+Inv rC+ rN+ Stlth+}
   (You found it in an ice cave)

   It protects you from cold.
   It protects you from negative energy.
   It lets you turn invisible.
   It makes you more stealthy.
 v - +0 fire dragon scales
 Q - the +8 plate armour "Udetz" (worn) {rPois MR++ Dex+4}
   (You bought it in a shop on level 2 of the Orcish Mines)

   It affects your dexterity (+4).
   It protects you from poison.
   It affects your resistance to hostile enchantments.
 R - a scarf of resistance (worn)
 Y - a +3 large shield (worn)
Jewellery
 g - a +5 ring of slaying (left claw)
 u - the ring of the Mage {Wiz MR++ Int+3}
   (You took it off a deep elf mage on level 1 of the Elven Halls)

   [ring of wizardry]

   It improves your spell success rate.
   It affects your intelligence (+3).
   It affects your resistance to hostile enchantments.
 A - a ring of protection from fire (right claw)
 M - an uncursed ring of protection from fire
 S - the amulet of Yrhotirch (around neck) {Spirit rElec rF- Str+9 Dex-4}
   (You found it on level 3 of the Vaults)

   [amulet of guardian spirit]

   It causes incoming damage to be split between your health and magic.
   It affects your strength (+9).
   It affects your dexterity (-4).
   It makes you vulnerable to fire.
   It insulates you from electricity.
Wands
 r - a wand of flame (72)
 y - a wand of digging (15)
 G - a wand of iceblast (34)
 J - a wand of acid (51)
Scrolls
 d - 6 scrolls of teleportation
 f - 3 scrolls of blinking
 l - 3 scrolls of fear
 m - 7 scrolls of vulnerability
 o - 17 scrolls of remove curse
 p - 2 scrolls of holy word
 x - 6 scrolls of magic mapping
 E - 2 scrolls of identify
 H - 3 scrolls of fog
 L - 4 scrolls of immolation
 U - 2 scrolls of amnesia
 V - 3 scrolls of silence
 W - 2 scrolls of summoning
Potions
 a - 3 potions of invisibility
 b - 10 potions of mutation
 k - a potion of berserk rage
 s - 2 potions of might
 t - a potion of haste
 w - 4 potions of cancellation
 C - 11 potions of curing
 D - 4 potions of agility
 F - 4 potions of ambrosia
 K - a potion of resistance
 N - 3 potions of lignification
 O - 9 potions of flight
 P - a potion of magic
Books
 i - a manual of Evocations
Miscellaneous
 n - 4 boxes of beasts
 B - a lightning rod (4/4)
 I - a lamp of fire
 Z - a phantom mirror
Comestibles
 c - 25 rations


   Skills:
 - Level 17.0 Fighting
   Level 6.4 Maces & Flails
 + Level 15.4 Armour
 * Level 11.6 Dodging
 - Level 25.0 Shields
 + Level 18.0 Unarmed Combat
 - Level 12.8 Invocations
 - Level 11.1 Evocations


You had 24 spell levels left.
You didn't know any spells.
Your spell library contained the following spells:

 Spells                   Type           Power        Failure   Level  Hunger
 Animate Skeleton         Necr           N/A          80%         1    ##.....
 Apportation              Tloc           #.....       80%         1    ##.....
 Confusing Touch          Hex            #.....       80%         1    ##.....
 Corona                   Hex            #......      80%         1    ##.....
 Flame Tongue             Conj/Fire      #....        80%         1    ##.....
 Freeze                   Ice            #...         80%         1    ##.....
 Sandblast                Erth           #.....       80%         1    ##.....
 Summon Butterflies       Summ           #.......     80%         1    ##.....
 Summon Small Mammal      Summ           #...         80%         1    ##.....
 Call Imp                 Summ           #.......     90%         2    ###....
 Corpse Rot               Necr           N/A          90%         2    ###....
 Ensorcelled Hibernation  Hex/Ice        #.....       90%         2    ###....
 Passwall                 Tmut/Erth      #.......     90%         2    ###....
 Poisonous Vapours        Pois/Air       #.....       90%         2    ###....
 Slow                     Hex            #.......     90%         2    ###....
 Sublimation of Blood     Necr           #.........   90%         2    ###....
 Throw Frost              Conj/Ice       #.....       90%         2    ###....
 Call Canine Familiar     Summ           #.......     99%         3    ####...
 Confuse                  Hex            #.......     99%         3    ####...
 Conjure Flame            Conj/Fire      #.......     99%         3    ####...
 Dazzling Spray           Conj/Hex       #.....       99%         3    ####...
 Ignite Poison            Fire/Tmut/Pois #.......     99%         3    ####...
 Inner Flame              Hex/Fire       #.......     99%         3    ####...
 Lesser Beckoning         Tloc           #.........   99%         3    ####...
 Mephitic Cloud           Conj/Pois/Air  #.......     99%         3    ####...
 Ozocubu's Armour         Chrm/Ice       #.......     99%         3    ####...
 Portal Projectile        Hex/Tloc       #.....       99%         3    ####...
 Recall                   Summ/Tloc      N/A          99%         3    ####...
 Static Discharge         Conj/Air       #.......     99%         3    ####...
 Stone Arrow              Conj/Erth      #.....       99%         3    ####...
 Summon Guardian Golem    Hex/Summ       #.......     99%         3    ####...
 Tukima's Dance           Hex            #.......     99%         3    ####...
 Animate Dead             Necr           N/A          100%        4    #####..
 Cause Fear               Hex            #.........   100%        4    #####..
 Ice Form                 Ice/Tmut       #.......     100%        4    #####..
 Leda's Liquefaction      Hex/Erth       #.........   100%        4    #####..
 Petrify                  Tmut/Erth      #.......     100%        4    #####..
 Sticky Flame             Conj/Fire      #.......     100%        4    #####..
 Summon Ice Beast         Ice/Summ       #.......     100%        4    #####..
 Summon Lightning Spire   Summ/Air       #.......     100%        4    #####..
 Throw Icicle             Conj/Ice       #.......     100%        4    #####..
 Agony                    Necr           #.......     100%        5    ######.
 Alistair's Intoxication  Tmut/Pois      #.......     100%        5    ######.
 Bolt of Draining         Conj/Necr      #.........   100%        5    ######.
 Bolt of Magma            Conj/Fire/Erth #.........   100%        5    ######.
 Borgnjor's Vile Clutch   Necr/Erth      #.........   100%        5    ######.
 Dispel Undead            Necr           #.......     100%        5    ######.
 Excruciating Wounds      Chrm/Necr      #.........   100%        5    ######.
 Fireball                 Conj/Fire      #.........   100%        5    ######.
 Irradiate                Conj/Tmut      #.........   100%        5    ######.
 Iskenderun's Battlesphe  Conj/Chrm      #.......     100%        5    ######.
 Lee's Rapid Deconstruct  Erth           #.........   100%        5    ######.
 Lightning Bolt           Conj/Air       #.........   100%        5    ######.
 Metabolic Englaciation   Hex/Ice        #.........   100%        5    ######.
 Silence                  Hex/Air        #.........   100%        5    ######.
 Venom Bolt               Conj/Pois      #.........   100%        5    ######.
 Yara's Violent Unravell  Hex/Tmut       #.........   100%        5    ######.
 Bolt of Cold             Conj/Ice       #.........   100%        6    #######
 Bolt of Fire             Conj/Fire      #.........   100%        6    #######
 Death Channel            Necr           #.........   100%        6    #######
 Deflect Missiles         Chrm/Air       #.........   100%        6    #######
 Freezing Cloud           Conj/Ice/Air   #.........   100%        6    #######
 Invisibility             Hex            #.......     100%        6    #######
 Iron Shot                Conj/Erth      #.........   100%        6    #######
 Ozocubu's Refrigeration  Ice            #.........   100%        6    #######
 Simulacrum               Ice/Necr       #.........   100%        6    #######
 Statue Form              Tmut/Erth      #........    100%        6    #######
 Orb of Destruction       Conj           #.........   100%        7    #######
 Ring of Flames           Chrm/Fire      #.........   100%        7    #######
 Spellforged Servitor     Conj/Summ      #.........   100%        7    #######
 Discord                  Hex            #.........   100%        8    #######
 Ignition                 Fire           #.........   100%        8    #######
 Shatter                  Erth           #.........   100%        9    #######
 Tornado                  Air            #.........   100%        9    #######


Dungeon Overview and Level Annotations

Branches:
Dungeon (15/15)            Temple (0/1) D:6            Lair (6/6) D:10
  Swamp (4/4) Lair:2       Spider (4/4) Lair:3        Slime (0/5) Lair:5
    Orc (2/2) D:10            Elf (3/3) Orc:2        Vaults (5/5) D:13
  Crypt (0/3) Vaults:2     Depths (5/5) D:15            Zot (1/5) Depths:5

Altars:
Ashenzari
Dithmenos
Fedhas
Gozag
Hepliaklqana
Kikubaaqudgha
Nemelex Xobeh
Qazlal
Sif Muna
Uskayaw
Vehumet
Xom
Yredelemnul
The Shining One
Beogh
Jiyva

Shops:
D:4 (   D:9 %   Orc:1 ?[%   Orc:2 [[(}   Elf:1 =}=   Vaults:5 *   Depths:3 ?[

Portals:
Hell: Depths:1 Depths:2 Depths:3 Depths:4 Depths:5
Abyss: Depths:1 Depths:4
Pandemonium: Depths:3 Depths:5
Ziggurat: Depths:3

Annotations:
D:13 corrupted
Swamp:3 exclusion: Roxanne, Roxanne
Swamp:4 corrupted
Elf:1 corrupted
Elf:3 3 runed translucent doors, 1 exclusion, growler's ghost, adept MiGl
Vaults:1 corrupted
Depths:2 corrupted
Abyss:1 Blork the orc, Fannar, Maurice, Nergalle, Sigmund, Urug


Innate Abilities, Weirdness & Mutations

You have claws for hands.
You are completely covered in slimy green scales. (AC +4, rPois)
Your flesh is cold resistant. (rC+)
You frequently emit foul miasma when damaged in melee.
You are completely attuned to the shadows.
You are immune to rotting.
You are immune to freezing clouds.
You have sharp toenails.
You are covered in fur. (AC +1)
You are weak. (Str -2)


Message History

The bolt of fire hits you!! You resist.
* * * LOW HITPOINT WARNING * * *
You scratch the orb of fire.
The orb of fire is lightly damaged.
Unknown command.
You miss the orb of fire.
The orb of fire is lightly damaged.
The orb of fire glows red.
Strange energies course through your body.
Fur sprouts all over your body.
The orb of fire glows red.
The fireball explodes!
The fireball engulfs you!! You resist.
* * * LOW HITPOINT WARNING * * *
The fireball engulfs the orb of fire.
The orb of fire completely resists.
You feel better.
Your orb of fire shimmers and vanishes!
A death cob comes into view.
The orb of fire glows yellow.
The bolt of fire hits you!! You resist.
You die...

#.....# #......(.#
#....## ##.......#
......# ##[.....#
......# #......#
.!.....# #......#
.......# #......#
.......# ##...####
.......# .....#
z..*@.## .....###
.....$# #.......#
..................#
..................#
...........>....###
.######.......## #
......#####
...........
...........


You could see an orb of fire and a death cob (wandering).

Vanquished Creatures
  A juggernaut (Depths:5)
  Margery (Depths:4)
  4 caustic shrikes (Depths:2)
  Xtahua (Depths:5)
  Saint Roka (Vaults:4)
  An electric golem (Zot:1)
  9 tentacled monstrosities
  Jorgrun (Swamp:1)
  8 liches
  2 Ice Fiends (IceCv)
  3 titans
  3 deep elf blademasters
  4 sphinxes
  A death cob (Zot:1)
  A quicksilver dragon (Vaults:5)
  2 deep elf master archers (Elf:3)
  2 thorn hunters
  9 shadow dragons
  2 tentacled starspawn (Abyss:4)
  5 storm dragons
  8 tengu reavers
  12 fire giants
  An iron dragon (Vaults:5)
  A fire giant (shapeshifter) (Depths:2)
  6 deep elf sorcerers
  3 ghost moths (Spider:4)
  A balrug (Depths:4)
  6 deep elf elementalists
  A draconian scorcher (Depths:5)
  9 frost giants
  15 vault wardens
  5 emperor scorpions
  A draconian knight (Depths:5)
  2 spriggan defenders (Depths:2)
  23 stone giants
  2 draconian stormcallers (Depths:5)
  19 ironheart preservers
  A war gargoyle (Vaults:5)
  22 very ugly things
  2 draconian annihilators
  3 green draconians
  7 entropy weavers
  A black draconian (Zot:1)
  10 deep elf demonologists
  6 deep elf annihilators
  A minotaur (Gauntlet)
  2 yellow draconians
  A purple draconian (Zot:1)
  2 red draconians (Depths:5)
  A green death (Depths:5)
  5 spark wasps
  13 ettins
  14 deep elf death magi
  2 jiangshi (D:15)
  23 yaktaur captains
  11 fire dragons
  2 deep elf high priests
  6 great orbs of eyes
  10 ice dragons
  18 ogre magi
  7 spriggan air magi
  31 vault guards
  A hydra (Swamp:3)
  4 rakshasas
  2 shambling mangroves (Swamp:3)
  A catoblepas (D:15)
  3 ghost crabs
  10 centaur warriors
  3 death knights
  5 alligators
  2 two-headed ogres (shapeshifter) (Vaults:5)
  The ghost of Twasazerg the Spear-Bearer, a journeyman MfGl of Hepliaklqana (D:10)
  10 deep troll earth magi
  A queen ant (Spider:1)
  28 dancing weapons
  4 tengu warriors
  A death yak (Lair:3)
  11 deep troll shamans
  48 two-headed ogres
  2 spriggan berserkers (Depths:2)
  A vampire mage (Depths:1)
  4 orc high priests (Orc:2)
  28 deep elf knights
  2 iron trolls (Depths:4)
  A soul eater (Depths:3)
  8 hell knights
  A shadow wraith (Vaults:2)
  2 sun demons (Depths:4)
  A wretched star (Gauntlet)
  A fire crab (Swamp:4)
  6 unseen horrors
  12 skeletal warriors
  A storm dragon skeleton (Depths:3)
  3 flayed ghosts
  4 spriggan druids
  17 ironbrand convokers
  6 swamp dragons
  4 wizards (Vaults:2)
  A gelid demonspawn (Depths:5)
  2 phantasmal warriors
  29 deep trolls
  7 necromancers
  8 orc knights
  29 deep elf archers
  A glowing orange brain (Depths:3)
  8 harpies
  A lindwurm (Swamp:4)
  5 orc sorcerers (Orc:2)
  27 orb spiders
  10 large abominations
  A frost giant zombie (Depths:3)
  71 deep elf magi
  38 slime creatures
  34 wolf spiders
  A manticore (shapeshifter) (Elf:1)
  A manticore (D:14)
  36 ugly things
  A worldbinder (Gauntlet)
  6 cyclopes
  3 moths of wrath
  A fire giant skeleton (Vaults:2)
  2 guardian serpents (shapeshifter)
  3 black mambas
  2 ice statues (IceCv)
  An elf zombie (Depths:3)
  14 vault sentinels
  5 spectral swamp worms (Depths:3)
  6 elephants
  A gargoyle (D:11)
  5 torpor snails
  12 spiny frogs
  12 komodo dragons
  8 freezing wraiths
  A rime drake (Lair:2)
  2 kobold demonologists
  A dire elephant skeleton (Abyss:4)
  A komodo dragon (shapeshifter) (Vaults:2)
  A yaktaur (shapeshifter) (D:13)
  15 demonic crawlers
  A spriggan skeleton (Depths:3)
  38 yaktaurs
  A tormentor (Depths:3)
  2 hellwings (Depths:3)
  14 ice devils
  7 trolls
  42 jumping spiders
  5 bog bodies
  A meliai (shapeshifter) (Vaults:2)
  17 tyrant leeches
  25 hornets
  A troll (shapeshifter) (Vaults:4)
  2 raiju (shapeshifter)
  6 polar bears
  8 blink frogs
  8 dream sheep
  A hippogriff (shapeshifter) (Depths:2)
  2 dream sheep (shapeshifter)
  5 hippogriffs
  A shadow (D:11)
  An air elemental (Elf:2)
  98 redbacks
  A ynoxinul (Depths:5)
  31 tarantellas
  2 vampires
  27 yaks
  An orc simulacrum (Vaults:3)
  17 spriggans
  12 water elementals
  5 wraiths
  2 wyverns
  3 basilisks
  An ettin skeleton (Vaults:2)
  3 fire elementals
  A hog (shapeshifter) (Vaults:1)
  3 hungry ghosts
  A chaos spawn (Abyss:4)
  11 vampire mosquitoes
  2 steam dragons
  A deep troll zombie (Vaults:2)
  A neqoxec (Depths:3)
  3 acid dragons
  A soldier ant (shapeshifter) (Depths:2)
  16 swamp worms
  A warg (Vaults:1)
  16 soldier ants (Spider:1)
  A floating eye (Depths:4)
  15 water moccasins
  7 swamp drakes
  48 orc warriors
  11 porcupines
  An eye of draining (D:12)
  4 ice beasts
  4 black bears
  5 sky beasts
  2 phantoms
  45 ogres
  An eye of draining (shapeshifter) (Vaults:3)
  18 boggarts
  25 wolves
  21 centaurs
  10 crocodiles
  2 small abominations (Gauntlet)
  A big kobold (D:11)
  19 bullfrogs
  2 wyvern skeletons
  2 earth elementals (Elf:1)
  37 scorpions
  13 killer bees
  An elf simulacrum (Vaults:2)
  A spectral bullfrog (D:10)
  10 electric eels
  A spectral centaur (D:10)
  8 crimson imps
  2 howler monkeys
  2 bullfrog zombies
  3 centaur zombies
  A human simulacrum (Vaults:2)
  3 quasits
  2 bullfrog skeletons
  8 jellies
  Crazy Yiuf (D:4)
  3 centaur skeletons
  5 hounds
  32 orc priests
  22 orc wizards
  An iron imp (Depths:5)
  6 iguanas
  28 worker ants
  3 bullfrog simulacra (D:10)
  A hound skeleton (D:10)
  2 worker ant zombies
  A gnoll (shapeshifter) (Vaults:5)
  18 adders
  A gnoll (Orc:2)
  2 river rats (D:5)
  4 shadow imps
  5 white imps (IceCv)
  5 ufetubi (IceCv)
  10 oozes
  An adder zombie (D:2)
  3 adder skeletons
  13 worms
  3 dart slugs
  18 leopard geckos
  135 orcs
  16 ball pythons
  14 giant cockroaches
  4 hobgoblins
  7 jackals
  9 quokkas
  8 bats
  15 frilled lizards
  9 goblins
  10 kobolds
  6 rats
  A demonic plant (Gauntlet)
  A plant (Lair:5)
  A starspawn tentacle (Abyss:4)
2237 creatures vanquished.

Vanquished Creatures (others)
  3 fire giants
  A frost giant (Depths:4)
  An orc warlord (Orc:2)
  A slime creature (D:14)
  A yaktaur captain (Vaults:3)
  An ice dragon (Depths:2)
  An ogre mage (Vaults:1)
  17 hydras
  5 vault guards (D:13)
  A death knight (Vaults:1)
  2 two-headed ogres
  2 dancing weapons (Elf:1)
  An alligator (Swamp:4)
  A deep troll shaman (Vaults:1)
  A deep troll earth mage (Depths:1)
  6 deep elf knights
  A swamp dragon (Swamp:4)
  2 deep trolls
  An unseen horror (D:13)
  A lindwurm (Swamp:4)
  3 deep elf archers
  4 orc knights
  An ironbrand convoker (Vaults:1)
  3 deep elf magi
  3 orc sorcerers
  A salamander (shapeshifter) (Vaults:1)
  A cyclops (D:12)
  A moth of wrath (Spider:4)
  A vault sentinel (Vaults:1)
  A gargoyle (D:8)
  4 yaktaurs
  A troll (D:9)
  2 tyrant leeches
  A polar bear (shapeshifter) (Vaults:1)
  A hornet (D:10)
  2 bog bodies (Swamp:4)
  3 redbacks
  A vampire (D:9)
  A water elemental (Elf:3)
  7 humans (D:13)
  2 steam dragons (Swamp:4)
  2 swamp worms (Swamp:4)
  5 swamp drakes (Swamp:4)
  7 orc warriors
  An ogre (D:7)
  2 boggarts (Depths:3)
  2 centaurs
  An earth elemental (Elf:1)
  A killer bee (D:7)
  5 wights (D:13)
  An orc priest (Vaults:1)
  3 white imps (IceCv)
  5 ufetubi (IceCv)
  5 orcs
  5 fungi
  18 plants
  6 starspawn tentacles
163 creatures vanquished.

Grand Total: 2400 creatures vanquished

Notes
Turn   | Place    | Note
-------+----------+-------------------------------------------
     0 | Abyss:1  | Arex the Demonspawn Abyssal Knight began the quest for the
                  | Orb.
     0 | Abyss:1  | Reached XP level 1. HP: 18/18 MP: 2/2
    35 | Abyss:1  | Noticed a tentacled starspawn
    52 | Abyss:1  | Noticed a hungry ghost
    60 | Abyss:1  | Noticed a thrashing horror
    71 | Abyss:2  | Noticed a wretched star
    75 | D:1      | Escaped the Abyss
   251 | D:1      | Gained mutation: You are partially covered in slimy green
                  | scales. (AC +2) [demonic ancestry]
   251 | D:1      | Reached XP level 2. HP: 21/24 MP: 4/4
   284 | D:1      | Reached * piety under Lugonu
   847 | D:2      | Gained mutation: You are slightly more attuned to the
                  | shadows. [demonic ancestry]
   847 | D:2      | Reached XP level 3. HP: 20/29 MP: 5/5
  1656 | D:2      | Reached skill level 5 in Fighting
  1656 | D:2      | Reached skill level 4 in Shields
  1656 | D:2      | Reached XP level 4. HP: 5/40 MP: 6/9
  1658 | D:2      | Gained mutation: You have sharp toenails. [potion of
                  | mutation]
  1658 | D:2      | Gained mutation: You evolve. [potion of mutation]
  1658 | D:2      | HP: 2/40 [adder (1)]
  1660 | D:2      | Reached skill level 5 in Shields
  1660 | D:2      | Gained mutation: You are immune to rotting. [demonic
                  | ancestry]
  1660 | D:2      | Reached XP level 5. HP: 13/48 MP: 6/11
  2071 | D:2      | Reached XP level 6. HP: 36/55 MP: 12/12
  2451 | D:3      | Reached ** piety under Lugonu
  2562 | D:3      | You fall through a shaft for 3 floors!
  2599 | D:6      | Noticed a sky beast
  2620 | D:5      | Entered Level 5 of the Dungeon
  2804 | D:5      | Found a glowing drain.
  2884 | Sewer    | Entered a sewer
  3018 | Sewer    | Reached XP level 7. HP: 60/60 MP: 13/13
  3179 | Sewer    | Reached *** piety under Lugonu
  3982 | D:5      | Lost mutation: You evolve. [end of evolution]
  4231 | D:3      | Found a hazy altar of Hepliaklqana.
  4231 | D:3      | Found a radiant altar of Vehumet.
  4919 | D:4      | Found Mile's Antique Weapon Boutique.
  5015 | D:4      | Noticed Blork the orc
  5016 | D:4      | Banished Blork the orc
  5165 | D:4      | Found a runed translucent door.
  5166 | D:4      | Noticed Crazy Yiuf
  5586 | D:4      | Killed Crazy Yiuf
  5586 | D:4      | Gained mutation: You have sharp fingernails. [demonic
                  | ancestry]
  5586 | D:4      | Reached XP level 8. HP: 52/67 MP: 14/14
  5896 | D:5      | Reached **** piety under Lugonu
  6459 | D:5      | Found a shattered altar of Ashenzari.
  6465 | D:5      | Noticed Sigmund
  6467 | D:5      | Banished Sigmund
  6467 | D:5      | Reached skill level 6 in Shields
  6530 | D:5      | Found an opulent altar of Gozag.
  6949 | D:6      | Reached skill level 1 in Unarmed Combat
  7087 | D:6      | Found a staircase to the Ecumenical Temple.
  8205 | D:7      | Reached XP level 9. HP: 54/72 MP: 16/16
  8609 | D:7      | Found a sand-covered staircase.
  8617 | Ossuary  | Entered an ossuary
 10055 | D:7      | Reached skill level 10 in Invocations
 10382 | D:8      | Noticed a two-headed ogre
 10384 | D:8      | Banished a two-headed ogre
 10588 | D:8      | Noticed a two-headed ogre
 10588 | D:8      | Noticed a gargoyle
 10594 | D:8      | Noticed a deep troll
 10594 | D:8      | a two-headed ogre changed into a deep troll
 10596 | D:8      | Banished a deep troll
 10638 | D:8      | HP: 2/74 [gargoyle/stone arrow (17)]
 10639 | D:8      | Banished a gargoyle
 10639 | D:8      | Reached skill level 7 in Shields
 10639 | D:8      | Reached XP level 10. HP: 2/80 MP: 11/17
 11094 | D:8      | Found a shimmering altar of Xom.
 11094 | D:8      | Found a stormy altar of Qazlal.
 11487 | D:9      | Found Tioczuv's Food Emporium.
 13615 | D:10     | Entered Level 10 of the Dungeon
 13739 | D:10     | Found a staircase to the Lair.
 13815 | D:10     | Paralysed by a hornet for 1 turns
 15564 | D:10     | Found a staircase to the Orcish Mines.
 15668 | D:10     | HP: 4/80 [yak (6)]
 16012 | D:10     | Found a runed translucent gate.
 16100 | D:10     | Found a runed translucent gate.
 16100 | D:10     | Found a runed translucent gate.
 16102 | D:10     | Noticed Twasazerg's ghost (journeyman MfGl)
 16242 | D:11     | Reached XP level 11. HP: 64/86 MP: 13/19
 16305 | Lair:1   | Entered Level 1 of the Lair of Beasts
 16626 | Lair:1   | Reached skill level 5 in Unarmed Combat
 16707 | Lair:1   | Reached skill level 8 in Shields
 17480 | Lair:1   | Noticed an eight-headed hydra
 17483 | Lair:1   | Banished an eight-headed hydra
 18031 | Lair:2   | Reached skill level 1 in Evocations
 18062 | Lair:2   | Found a staircase to the Swamp.
 19044 | Lair:3   | Found a hole to the Spider Nest.
 19175 | Lair:3   | Noticed an eight-headed hydra
 19178 | Lair:3   | Banished an eight-headed hydra
 19344 | Lair:3   | Noticed a four-headed hydra
 19345 | Lair:3   | Noticed a seven-headed hydra
 19349 | Lair:3   | Banished a four-headed hydra
 19351 | Lair:3   | Banished a seven-headed hydra
 19374 | Lair:3   | HP: 3/87 [komodo dragon (11)]
 19772 | Lair:3   | Reached skill level 9 in Shields
 19803 | Lair:3   | HP: 6/130 [poisoned by a spiny frog]
 19809 | Lair:3   | HP: 6/130 [poisoned by a spiny frog]
 19816 | Lair:3   | HP: 5/130 [poisoned by a spiny frog]
 19821 | Lair:3   | HP: 5/130 [poisoned by a spiny frog]
 19827 | Lair:3   | HP: 5/130 [poisoned by a spiny frog]
 19833 | Lair:3   | HP: 3/87 [poisoned by a spiny frog]
 19838 | Lair:3   | HP: 3/87 [poisoned by a spiny frog]
 20557 | Lair:3   | Reached XP level 12. HP: 61/95 MP: 14/20
 20813 | Lair:3   | Noticed a four-headed hydra
 20865 | Lair:3   | Banished a four-headed hydra
 22210 | Lair:4   | Noticed a death yak
 22213 | Lair:4   | Noticed a death yak
 22215 | Lair:4   | Noticed a death yak
 22219 | Lair:4   | Noticed a death yak
 22220 | Lair:4   | Noticed a death yak
 22513 | Lair:3   | Killed a death yak
 23225 | Lair:5   | Found a staircase to the Slime Pits.
 23226 | Lair:5   | Found a viscous altar of Jiyva.
 23503 | Lair:5   | Reached skill level 10 in Shields
 23829 | Lair:6   | Entered Level 6 of the Lair of Beasts
 25208 | Lair:5   | Gained mutation: You are mostly covered in slimy green
                  | scales. (AC +3) [demonic ancestry]
 25208 | Lair:5   | Reached XP level 13. HP: 44/102 MP: 12/21
 25821 | Lair:6   | Reached skill level 5 in Evocations
 26292 | Lair:6   | Reached skill level 10 in Fighting
 26728 | Orc:1    | Entered Level 1 of the Orcish Mines
 26929 | D:10     | Killed Twasazerg's ghost
 27021 | Orc:1    | Found Bulamyir's Food Shoppe.
 27160 | Orc:2    | Entered Level 2 of the Orcish Mines
 27184 | Orc:1    | Reached ***** piety under Lugonu
 27510 | Orc:1    | Found Wukkideyt's Antique Armour Shoppe.
 27513 | Orc:1    | Noticed Nergalle
 27573 | Orc:2    | Reached skill level 11 in Shields
 27690 | Orc:2    | Banished Nergalle
 27860 | Orc:1    | Found Wesoamma's Magic Scroll Shop.
 28874 | Orc:2    | Found Wynoz's Antique Weapon Shoppe.
 28915 | Orc:2    | Found Amneo's Gadget Emporium.
 28985 | Orc:2    | Found a roughly hewn altar of Beogh.
 29768 | Orc:2    | Got a pitted zirconium amulet
 29902 | Orc:2    | Found a staircase to the Elven Halls.
 29913 | Orc:2    | Reached skill level 10 in Unarmed Combat
 30792 | Orc:2    | Found Xoijotzi's Armour Boutique.
 30806 | Orc:2    | Gained mutation: You are significantly more attuned to the
                  | shadows. [demonic ancestry]
 30806 | Orc:2    | Reached XP level 14. HP: 94/111 MP: 18/22
 30980 | Orc:2    | Bought the +8 plate armour "Udetz" {rPois MR++ Dex+4} for
                  | 1001 gold pieces
 31046 | Orc:2    | Found Pugreum's Armour Emporium.
 31223 | Orc:2    | Noticed an orc warlord
 31224 | Orc:2    | Found a roughly hewn altar of Beogh.
 31225 | Orc:2    | Banished an orc warlord
 31802 | Orc:2    | Bought a wand of clouds (7) for 495 gold pieces
 31847 | Orc:1    | Bought a scroll of teleportation for 42 gold pieces
 32876 | D:11     | Noticed Maurice
 32884 | D:11     | Banished Maurice
 33402 | D:11     | Noticed Urug
 33403 | D:11     | Banished Urug
 33403 | D:11     | Reached skill level 12 in Shields
 33495 | D:11     | Identified the amulet "Yrghof" {Faith rN+} (You found it on
                  | level 2 of the Orcish Mines)
 33864 | D:11     | Noticed Fannar
 33866 | D:11     | Banished Fannar
 34602 | D:11     | Reached skill level 10 in Armour
 35329 | D:13     | Found a gate leading to a gauntlet.
 35362 | D:13     | Found a portal to a secret trove of treasure.
 35390 | D:13     | Reached skill level 1 in Dodging
 35440 | D:13     | Corrupted D:13
 35483 | D:13     | Found a gate to the Vaults.
 35488 | D:13     | Got an emerald-encrusted plate armour
 35510 | Gauntlet | Entered a Gauntlet
 35510 | Gauntlet | Found a transporter.
 35521 | Gauntlet | Identified the +1 plate armour "Deuveorua" {Str+7} (You
                  | found it on level 13 of the Dungeon)
 35544 | Gauntlet | Found a transporter.
 35553 | Gauntlet | Found a transporter.
 35563 | Gauntlet | Found a transporter.
 35579 | Gauntlet | Found a transporter.
 35581 | Gauntlet | Found the brooch of Shielding {Reflect SH+8}
 35595 | Gauntlet | Found a transporter.
 35599 | Gauntlet | Found a transporter.
 35615 | Gauntlet | Found a transporter.
 35622 | Gauntlet | Found a transporter.
 35627 | Gauntlet | Found a transporter.
 35646 | Gauntlet | Found a transporter.
 35712 | Gauntlet | Found a transporter.
 35730 | Gauntlet | Found a transporter.
 36226 | Gauntlet | Got a heavily runed helmet
 36237 | Gauntlet | Identified the cursed +0 helmet of the Armoured One {Int+3}
                  | (You found it in a Gauntlet)
 36819 | D:13     | Found a shimmering altar of Xom.
 36819 | D:13     | Found a sparkling altar of Nemelex Xobeh.
 36819 | D:13     | Found a white marble altar of Elyvilon.
 36823 | D:13     | Found a glowing golden altar of the Shining One.
 36823 | D:13     | Found a shadowy altar of Dithmenos.
 36823 | D:13     | Found a hide-covered altar of Uskayaw.
 38638 | D:14     | Gained mutation: You may emit foul miasma when damaged in
                  | melee. [demonic ancestry]
 38638 | D:14     | Reached XP level 15. HP: 102/119 MP: 19/24
 38892 | D:15     | Entered Level 15 of the Dungeon
 39497 | D:15     | Found a staircase to the Depths.
 39704 | D:15     | Reached ****** piety under Lugonu
 40180 | D:15     | Reached skill level 13 in Shields
 40979 | Swamp:1  | Entered Level 1 of the Swamp
 41153 | Swamp:1  | Noticed Jorgrun
 41176 | Swamp:1  | Killed Jorgrun
 42259 | Swamp:2  | Found a blossoming altar of Fedhas.
 42708 | Swamp:2  | Noticed a thorn hunter
 42731 | Swamp:2  | Killed a thorn hunter
 43210 | Swamp:3  | Noticed Roxanne
 44056 | Swamp:3  | Noticed a thorn hunter
 44075 | Swamp:3  | Killed a thorn hunter
 44075 | Swamp:3  | Reached skill level 5 in Dodging
 44467 | Swamp:3  | Reached XP level 16. HP: 122/127 MP: 23/25
 45199 | Swamp:4  | Entered Level 4 of the Swamp
 46504 | Swamp:4  | Corrupted Swamp:4
 46661 | Swamp:4  | Got a decaying rune of Zot
 47173 | Swamp:4  | Reached skill level 14 in Shields
 47789 | Spider:1 | Entered Level 1 of the Spider Nest
 50924 | Spider:2 | Reached XP level 17. HP: 117/135 MP: 23/26
 53723 | Spider:4 | Entered Level 4 of the Spider Nest
 53780 | Spider:4 | Found a frozen archway.
 53799 | IceCv    | Entered an ice cave
 54425 | IceCv    | Noticed an Ice Fiend
 54425 | IceCv    | Noticed an Ice Fiend
 54437 | IceCv    | HP: 6/202 [Ice Fiend/bolt of cold (5)]
 54823 | IceCv    | Killed an Ice Fiend
 54823 | IceCv    | Reached skill level 15 in Shields
 55122 | IceCv    | Killed an Ice Fiend
 55149 | IceCv    | Got a translucent helmet
 55160 | IceCv    | Identified the +0 helmet of Sivoagg {+Inv rC+ rN+ Stlth+}
                  | (You found it in an ice cave)
 56977 | Spider:4 | Got a pair of transparent gloves
 57158 | Spider:4 | Identified the +1 pair of gloves "Xeit" {rCorr} (You found
                  | it on level 4 of the Spider Nest)
 57883 | Spider:4 | Reached skill level 10 in Dodging
 58937 | Spider:4 | Gained mutation: You frequently emit foul miasma when
                  | damaged in melee. [demonic ancestry]
 58937 | Spider:4 | Reached XP level 18. HP: 85/144 MP: 17/27
 60362 | Spider:4 | Got a gossamer rune of Zot
 60652 | Orc:1    | Bought a scroll of immolation for 49 gold pieces
 60652 | Orc:1    | Bought a scroll of teleportation for 42 gold pieces
 60652 | Orc:1    | Bought a scroll of enchant armour for 105 gold pieces
 60652 | Orc:1    | Bought a scroll of teleportation for 42 gold pieces
 60652 | Orc:1    | Bought a scroll of enchant weapon for 105 gold pieces
 60652 | Orc:1    | Bought a scroll of blinking for 105 gold pieces
 60652 | Orc:1    | Bought a scroll of blinking for 105 gold pieces
 60843 | Depths:1 | Entered Level 1 of the Depths
 61078 | D:15     | Reached skill level 10 in Evocations
 61622 | Depths:1 | Found a one-way gate to the infinite horrors of the Abyss.
 62002 | Depths:1 | Found a gateway to Hell.
 63287 | Vaults:1 | Entered Level 1 of the Vaults
 63621 | Vaults:1 | Corrupted Vaults:1
 63622 | Vaults:1 | Noticed a tentacled monstrosity
 64220 | Vaults:1 | Noticed an Ice Fiend
 65483 | Vaults:1 | Reached skill level 16 in Shields
 66426 | Vaults:1 | Gained mutation: You have very sharp fingernails. [demonic
                  | ancestry]
 66426 | Vaults:1 | Reached XP level 19. HP: 128/152 MP: 23/28
 67525 | Vaults:2 | Reached skill level 17 in Shields
 67539 | Vaults:2 | Reached skill level 15 in Unarmed Combat
 69519 | Vaults:2 | Reached skill level 18 in Shields
 69637 | Vaults:2 | Found a staircase to the Crypt.
 69637 | Vaults:2 | Found an ancient bone altar of Kikubaaqudgha.
 69638 | Vaults:2 | Found a basalt altar of Yredelemnul.
 69867 | Vaults:3 | Got a steaming jade amulet
 70258 | Vaults:3 | Gained mutation: You are completely attuned to the shadows.
                  | [demonic ancestry]
 70258 | Vaults:3 | Reached XP level 20. HP: 114/159 MP: 29/29
 70672 | Vaults:3 | You fall through a shaft!
 71071 | Vaults:3 | Identified the amulet of Yrhotirch {Spirit rElec rF- Str+9
                  | Dex-4} (You found it on level 3 of the Vaults)
 72413 | Vaults:4 | Noticed Saint Roka
 72860 | Vaults:4 | Killed Saint Roka
 73283 | Vaults:4 | Reached skill level 19 in Shields
 74869 | Depths:2 | Identified a scroll of acquirement
 76262 | Depths:2 | Reached skill level 20 in Shields
 76284 | Depths:2 | Reached XP level 21. HP: 106/165 MP: 19/30
 76689 | Depths:2 | Noticed a caustic shrike
 76694 | Depths:2 | Noticed a caustic shrike
 76694 | Depths:2 | Noticed a caustic shrike
 76694 | Depths:2 | Noticed a caustic shrike
 76695 | Depths:2 | Corrupted Depths:2
 76715 | Depths:2 | Killed a caustic shrike
 76718 | Depths:2 | Killed a caustic shrike
 76720 | Depths:2 | Killed a caustic shrike
 76744 | Depths:2 | Killed a caustic shrike
 77329 | Depths:2 | Noticed a shard shrike
 77329 | Depths:2 | an iron giant changed into a shard shrike
 77333 | Depths:2 | a shard shrike changed into a titan
 77334 | Depths:2 | Noticed a juggernaut
 77334 | Depths:2 | a titan changed into a juggernaut
 77337 | Depths:2 | a juggernaut changed into an iron giant
 77927 | Elf:1    | Entered Level 1 of the Elven Halls
 78149 | Elf:1    | Found a flickering gateway to a bazaar.
 78155 | Bazaar   | Entered a bazaar
 78259 | Bazaar   | Found Gol Luc's Antique Weapon Boutique.
 78276 | Bazaar   | Found Yvvalac's Gadget Emporium.
 78283 | Bazaar   | Found Hiryurol's Food Emporium.
 78290 | Bazaar   | Found Lolosar's General Store.
 78296 | Bazaar   | Found Zotuwuna's Armour Emporium.
 78321 | Bazaar   | Bought a wand of acid (10) for 336 gold pieces
 78492 | Elf:1    | Found Tuafet's Jewellery Emporium.
 78492 | Elf:1    | Found Bonal's Jewellery Emporium.
 78493 | Elf:1    | Found Xallyach's Gadget Shop.
 78497 | Elf:1    | Bought an uncursed ring of protection from fire for 300
                  | gold pieces
 78773 | Elf:1    | Found a deep blue altar of Sif Muna.
 79289 | Elf:1    | Found a runed translucent door.
 79631 | Elf:1    | Corrupted Elf:1
 80289 | Elf:1    | Reached skill level 21 in Shields
 81151 | Elf:2    | Found a runed translucent gate.
 81153 | Elf:2    | Found a runed translucent gate.
 81154 | Elf:2    | Found a runed translucent gate.
 83612 | Vaults:5 | Entered Level 5 of the Vaults
 83624 | Vaults:5 | Reached skill level 22 in Shields
 83627 | Vaults:4 | Gained mutation: You have claws for hands. [demonic
                  | ancestry]
 83627 | Vaults:4 | Reached XP level 22. HP: 29/172 MP: 6/31
 84419 | Elf:3    | Entered Level 3 of the Elven Halls
 85165 | Elf:3    | Found a runed translucent gate.
 85165 | Elf:3    | Found a runed translucent gate.
 85166 | Elf:3    | Found a runed translucent gate.
 85579 | Elf:3    | Found a runed translucent gate.
 85579 | Elf:3    | Found a runed translucent gate.
 85580 | Elf:3    | Found a runed translucent gate.
 85583 | Elf:3    | Noticed growler's ghost (adept MiGl)
 85658 | Elf:3    | Identified the +9 lajatang "Moqeomn" {speed, Int+3}
 85658 | Elf:3    | Identified the amulet of Ipla {Reflect rPois Str-5 Int+3
                  | SH+3 SInv}
 86032 | Elf:3    | Identified the +4 short sword "Xeecor" {flame, rF++}
 86067 | Elf:3    | Identified the +1 plate armour of the Swan {MR+}
 86177 | Elf:3    | Identified the +4 spear "Concordance" {elec, Dex+3}
 86419 | Elf:3    | Identified the +0 ring mail of Absence {-Cast rElec rPois
                  | Int+4}
 86489 | Elf:3    | Gained mutation: You are weak. (Str -2) [a cacodemon]
 87306 | Elf:3    | Cast into level 4 of the Abyss (ghostly deep elf
                  | annihilator)
 87391 | Abyss:4  | Found a corrupted altar of Lugonu.
 87411 | Abyss:4  | Reached skill level 23 in Shields
 87451 | Elf:3    | Escaped the Abyss
 87646 | Elf:3    | Identified the +5 short sword "Qyokyomi" {pierce, *Contam
                  | rElec Str+3 Int+3}
 88333 | Elf:3    | Got a translucent copper amulet
 88361 | Elf:3    | Identified the Catalogue of Ignition
 88436 | Elf:3    | Identified the amulet "Ynuiss" {Inacc Dex+4} (You found it
                  | on level 3 of the Elven Halls)
 88542 | Elf:1    | Bought a +5 ring of slaying for 1591 gold pieces
 88965 | D:13     | You paid a toll of 2 scrolls of acquirement to enter a
                  | treasure trove
 88966 | Trove    | Entered a treasure trove
 90550 | Vaults:5 | Gained mutation: Your flesh is cold resistant. (rC+)
                  | [demonic ancestry]
 90550 | Vaults:5 | Reached XP level 23. HP: 171/179 MP: 30/32
 91099 | Vaults:5 | Identified the +3 battleaxe of Division {antimagic, rPois
                  | Str+2}
 91230 | Vaults:5 | Reached skill level 15 in Fighting
 92597 | Vaults:5 | Got a silver rune of Zot
 93536 | Vaults:5 | Reached skill level 24 in Shields
 93663 | Vaults:5 | Found Naucsot's Assorted Antiques.
 93676 | Vaults:5 | Bought a potion of curing for 96 gold pieces
 93676 | Vaults:5 | Bought a wand of digging (4) for 256 gold pieces
 93676 | Vaults:5 | Bought a potion of might for 128 gold pieces
 95988 | Depths:3 | Found Witwuasehe's Antique Armour Shop.
 96039 | Depths:3 | Found a gateway to a ziggurat.
 96059 | Depths:3 | Found Ogexoudgh's Magic Scroll Shoppe.
 96201 | Depths:3 | Gained mutation: You are immune to freezing clouds.
                  | [demonic ancestry]
 96201 | Depths:3 | Reached XP level 24. HP: 193/193 MP: 32/32
 96291 | Depths:3 | Found a one-way gate leading to the halls of Pandemonium.
 96389 | Depths:3 | Got a pair of heavily runed boots
 96400 | Depths:3 | Identified the -3 pair of boots "Depray" {Str+3 Int+2} (You
                  | found it on level 3 of the Depths)
 96633 | Depths:4 | Paralysed by a floating eye for 4 turns
 96639 | Depths:4 | Noticed Margery
 96642 | Depths:4 | HP: 8/193 [Margery/fireball (35)]
 97383 | Depths:4 | Killed Margery
 98366 | Depths:4 | Identified the +11 battleaxe "Jellybane" {venom, MP+9
                  | Int+2}
 98952 | Depths:5 | Entered Level 5 of the Depths
 99037 | Depths:5 | Noticed a juggernaut
 99689 | Depths:5 | Killed a juggernaut
100265 | Depths:5 | Noticed Xtahua
100274 | Depths:5 | Killed Xtahua
100311 | Depths:5 | Reached skill level 25 in Shields
100858 | Depths:5 | Reached skill level 15 in Armour
101402 | Depths:5 | Found a gate to the Realm of Zot.
101798 | Zot:1    | Entered Level 1 of the Realm of Zot
102966 | Depths:5 | Found a gate to the Realm of Zot.
103425 | Zot:1    | Gained mutation: You are completely covered in slimy green
                  | scales. (AC +4, rPois) [demonic ancestry]
103425 | Zot:1    | Reached XP level 25. HP: 189/201 MP: 31/32
103682 | Zot:1    | Noticed an orb of fire
103688 | Zot:1    | Gained mutation: You are covered in fur. (AC +1) [an orb of
                  | fire]
103688 | Zot:1    | HP: 9/201 [orb of fire/fireball (28)]
103689 | Zot:1    | Killed from afar by an orb of fire

Skill      XL: |  1  2  3  4  5  6  7  8  9 10 11 12 13 14 15 16 17 18 19 20 21 22 23 24 25 |
---------------+----------------------------------------------------------------------------+-----
Maces & Flails | 2 4 6 |  6.4
Armour         | 2 4 6 7 8 9 10 11 12 13 14 15 | 15.4
Invocations    | 3 6 8 9 10 11 12 | 12.8
Fighting       | 5 7 8 9 10 11 12 13 14 16 17 | 17.0
Shields        | 4 5 6 7 9 10 11 12 13 14 15 16 18 20 22 23 24 25 | 25.0
Unarmed Combat | 1 3 4 6 8 10 11 12 13 14 15 16 17 18 | 18.0
Evocations     | 2 4 5 6 8 9 10 11 | 11.1
Dodging        | 2 5 8 10 11 | 11.6

Action                   |  1- 3 |  4- 6 |  7- 9 | 10-12 | 13-15 | 16-18 | 19-21 | 22-24 | 25-27 || total
-------------------------+-------+-------+-------+-------+-------+-------+-------+-------+-------++-------
Melee: Mace              |   152 |    98 |       |       |       |       |       |       |       ||   250
       Kick              |       |    36 |   263 |   212 |       |       |       |       |       ||   511
       Flail             |       |   131 |   317 |       |       |       |       |       |       ||   448
       Unarmed           |       |       |  1014 |  1869 |  2772 |  3310 |  2384 |  2123 |    54 || 13526
Throw: Throwing net      |       |       |       |     4 |       |     2 |       |       |       ||     6
Invok: Depart the Abyss  |     1 |       |       |       |       |       |       |     1 |       ||     2
       Banish            |       |       |     8 |    16 |    26 |    19 |     2 |       |       ||    71
       Bend Space        |       |       |       |     2 |     1 |     1 |     7 |     6 |       ||    17
       Corrupt           |       |       |       |       |     1 |     2 |     2 |       |       ||     5
Evoke: Wand              |       |       |     2 |    15 |    32 |    26 |    11 |     6 |       ||    92
       Lightning rod     |       |       |       |       |       |       |       |     6 |       ||     6
       Lamp of fire      |       |       |       |       |       |       |       |     1 |       ||     1
       Phantom mirror    |       |       |       |       |       |       |       |     2 |     1 ||     3
  Use: Potion            |     2 |     6 |     1 |     7 |     3 |    21 |     5 |     4 |     1 ||    50
       Scroll            |       |     6 |     6 |     9 |    19 |    21 |    22 |    13 |       ||    96
 Stab: Held in net/web   |       |       |       |     3 |       |     4 |       |       |       ||     7
       Invisible         |       |       |       |       |     2 |       |       |       |       ||     2
       Confused          |       |       |       |       |       |     2 |       |       |       ||     2
       Distracted        |       |       |       |       |       |       |     1 |     1 |       ||     2
  Eat: Chunk             |     3 |     5 |    22 |    31 |    49 |    27 |    35 |    29 |       ||   201
       Ration            |       |       |     7 |     7 |     8 |    16 |     8 |    10 |       ||    56
Armor: Leather armour    |     8 |       |       |       |       |       |       |       |       ||     8
       Chain mail        |   125 |   178 |   882 |   105 |       |       |       |       |       ||  1290
       Plate armour      |       |       |       |   714 |  1309 |  1764 |   675 |   519 |     6 ||  4987
       Ice dragon scales |       |       |       |       |       |    51 |       |       |       ||    51
       Skin              |       |       |       |       |       |    13 |       |       |       ||    13
       Fire dragon scale |       |       |       |       |       |       |    12 |     1 |       ||    13
Dodge: Dodged            |    35 |    39 |   216 |   448 |   796 |  1837 |   438 |   378 |    15 ||  4202
Block: Shield            |    17 |   122 |   629 |  1087 |  2122 |  2688 |       |       |       ||  6665
       Reflection        |       |       |       |     1 |    44 |    41 |    55 |       |       ||   141
       Large shield      |       |       |       |       |       |  1242 |  2353 |  1913 |    39 ||  5547
